 Dungeon Crawl Stone Soup version 0.17-a0-1731-g129c023 (webtiles) character file.

44 RedzDrunk the Chiller (level 3, -1/20 HPs)
             Began as a Gargoyle Ice Elementalist on Aug 29, 2015.
             Slain by a rat (3 damage)
             ... on level 2 of the Dungeon.
             The game lasted 00:09:58 (1863 turns).

RedzDrunk the Chiller (Gargoyle Ice Elementalist)   Turns: 1863, Time: 00:09:58

Health: -1/20      AC:  5    Str: 11    XL:     3   Next: 60%
Magic:  4/6        EV: 12    Int: 16    God:
Gold:   102        SH:  0    Dex: 10    Spells: 2 memorised, 3 levels left

rFire  . . .     SeeInvis .     (no weapon)
rCold  . . .     Clarity  .     a - +0 robe
rNeg   + . .     SustAt   .     (no shield)
rPois  ∞         Gourm    .     (no helmet)
rElec  +         Spirit   .     (no cloak)
rCorr  .         Warding  .     (no gloves)
rMut   .         Stasis   .     (no boots)
MR     .....                    (no amulet)
Stlth  ++........               (no ring)
                                (no ring)

@: not resistant to hostile enchantments, unstealthy
A: negative energy resistance 1, electricity resistance, unbreathing,
petrification resistance, rot immunity, AC +3
a: no special abilities


You were on level 2 of the Dungeon.
You were hungry.

You visited 1 branch of the dungeon, and saw 2 of its levels.

You collected 102 gold pieces.

Inventory:

Armour
 a - a +0 robe (worn)
Scrolls
 e - a scroll of identify {unknown}
 g - a scroll of teleportation
 k - a scroll of immolation
Potions
 d - a potion of mutation {unknown}
 h - a potion of lignification {unknown}
 j - a potion of flight {unknown}
 m - a potion of agility {unknown}
 n - a potion of magic {unknown}
Books
 b - a book of Frost

   Spells                             Type                      Level
   a - Freeze                         Ice                          1
   b - Throw Frost                    Conjuration/Ice              2
   c - Ozocubu's Armour               Charms/Ice                   3
   d - Throw Icicle                   Conjuration/Ice              4
   e - Summon Ice Beast               Ice/Summoning                4
   f - Condensation Shield            Ice                          4
Comestibles
 c - 2 bread rations
 f - a beef jerky
 i - 2 chunks of flesh
 l - 3 meat rations
 o - a slice of pizza


   Skills:
 * Level 1.4 Fighting
 + Level 2.1 Dodging
 - Level 2.1 Stealth
 + Level 2.3 Spellcasting
 + Level 1.2 Conjurations
 + Level 3.3 Ice Magic


You had 3 spell levels left.
You knew the following spells:

 Your Spells              Type           Power        Failure   Level  Hunger
a - Throw Frost           Conj/Ice       #.....       14%         2    ###....
b - Freeze                Ice            ##..         8%          1    #......


Dungeon Overview and Level Annotations

Branches:
Dungeon (2/15)

Altars:


Innate Abilities, Weirdness & Mutations

You are resistant to torment.
Your stone body is resilient (AC +3).
You are immune to poison.
You resist negative energy.
You are resistant to electric shocks.
You can survive without breathing.
You are immune to petrification.
You are immune to rotting.


Message History

Press: ? - help, Shift-Dir - straight line, f/p - gnoll
Aim: a gnoll, wielding a club (severely wounded)
You freeze the gnoll.
You kill the gnoll!
You are feeling hungry.
You hit the gnoll but do no damage. The gnoll hits you with a club!
You hit the gnoll.
The gnoll is lightly wounded.
The gnoll hits you with a club.
* * * LOW HITPOINT WARNING * * *
There is an open door here.
There is an open door here.
The gnoll hits you with a club.
* * * LOW HITPOINT WARNING * * *
You see here a stone.
A rat comes into view.
Things that are here:
an uncursed hunting sling; 20 stones The rat bites you.
You die...

#####.#####.##.##.#
#........# #.#
#.......###.#.#..#.# #.#
####.####...#.#)...# #.#
##'####.###.# #..# #.#
##...#...# ... ...
##.### ##......### ###
#. ##....###.......# .
######...#.##....r<..###
............'...@......#
######...#.##..).......#
##.##.###g......#...
#####.....(.......####.#
#.........###.#...## ..
#.##......# #.##'##
#.#.#.####.##.# #
#.#........##.#
#.##.###.#######.######


You could see a gnoll and a rat.

Vanquished Creatures
  A gnoll (D:2)
  An adder (D:2)
  A worm (D:2)
  3 kobolds
  5 giant newts (D:1)
  10 goblins
  5 rats
26 creatures vanquished.

Notes
Turn   | Place    | Note
--------------------------------------------------------------
     0 | D:1      | RedzDrunk the Gargoyle Ice Elementalist began the quest for the Orb.
     0 | D:1      | Reached XP level 1. HP: 10/10 MP: 3/3
   442 | D:1      | Reached XP level 2. HP: 14/16 MP: 3/5
   485 | D:1      | Learned a level 2 spell: Throw Frost
   911 | D:2      | Reached skill level 1 in Fighting
  1643 | D:2      | Reached XP level 3. HP: 10/20 MP: 0/6
  1842 | D:2      | HP: 1/20 [gnoll/club (5)]
  1863 | D:2      | Slain by a rat

Vault maps used:
D:1:      minmay_arrival_stair_chambers, serial_co_window_serial,
          co_window_of_opportunity_a, co_window_paths_a,
          co_window_of_opportunity_a, co_window_paths_a,
          co_window_of_opportunity_a, co_window_paths_b,
          co_window_of_opportunity_b, co_window_paths_c, co_window_broadway_a,
          co_window_2corner, co_window_broadway_c, glass_columns_b,
          glass_columns_a, glass_columns_a, glass_columns_a
D:2:      nicolae_ru_awakened_eye, minmay_quantized

Action                   || total
-------------------------++-------
Melee: Unarmed           ||   109
 Cast: Freeze            ||    11
       Throw Frost       ||    16
  Use: Scroll            ||     6
 Stab: Sleeping          ||     3
  Eat: Chunk             ||     4
